 Dungeon Crawl Stone Soup version 0.13-a0-1693-g8ac13c1 (console) character file.

207 Kellhus the Cudgeler (level 4, -4/34 HPs)
             Began as a Mummy Chaos Knight on June 20, 2013.
             Was a Plaything of Xom.
             Killed from afar by an orc wizard (5 damage)
             ... with a magic dart
             ... on Level 3 of the Dungeon.
             The game lasted 00:04:10 (2430 turns).

Kellhus the Cudgeler (Mummy Chaos Knight)           Turns: 2430, Time: 00:04:10

HP  -4/34        AC  5     Str 16      XL: 4   Next: 59%
MP   0/4         EV 10     Int 11      God: Xom
Gold 98          SH  0     Dex 15      Spells:  0 memorised,  3 levels left

Res.Fire  : x . .   See Invis. : .   a - +0 mace (chaos)
Res.Cold  : + + .   Warding    : .   b - +2 leather armour
Life Prot.: + + +   Conserve   : .   (no shield)
Res.Poison: +       Res.Corr.  : .   (no helmet)
Res.Elec. : .       Clarity    : .   (no cloak)
Sust.Abil.: . .     Spirit.Shd : +   (no gloves)
Res.Mut.  : .       Stasis     : .   (no boots)
Res.Rott. : +       Flight     : .   c - amulet of guardian spirit
Saprovore : . . .                    d - ring of protection from cold
                                     e - +4 ring of dexterity

@: slightly resistant to hostile enchantments, unstealthy
A: no food or potions, fire vulnerability, restore body, cold resistance 1, life
protection 3, poison resistance, torment resistance, unbreathing
a: Renounce Religion


You were on level 3 of the Dungeon.
You worshipped Xom.
You were a very special plaything of Xom.
You were not hungry.

You visited 1 branch of the dungeon, and saw 4 of its levels.

You collected 78 gold pieces.

Inventory:

Hand weapons
 a - a +0,+0 mace of chaos (weapon)
Armour
 b - a +2 leather armour (worn)
Scrolls
 g - a scroll of identify
 h - 4 scrolls of curse armour {unknown}
 i - 4 scrolls of noise {unknown}
 j - 2 scrolls of blinking {unknown}
Jewellery
 c - an amulet of guardian spirit (around neck)
 d - a ring of protection from cold (right hand)
 e - a +4 ring of dexterity (left hand)
 k - an uncursed amulet of resist mutation
 m - an uncursed amulet of stasis
 n - an uncursed amulet of resist corrosion
 o - an uncursed amulet of stasis


   Skills:
 - Level 3.0 Fighting
 + Level 4.4 Maces & Flails
 - Level 1.5 Armour
 - Level 0.7 Dodging


You had 3 spell levels left.
You didn't know any spells.

Dungeon Overview and Level Annotations

Branches:
Dungeon (4/27)
 Temple: D:4-7

Altars:
Elyvilon
Fedhas
Zin


Innate Abilities, Weirdness & Mutations

You do not eat or drink.
Your flesh is vulnerable to fire.
Your flesh is cold resistant.
You are immune to negative energy.
Your system is resistant to poisons.
You are immune to unholy pain and torment.
You can survive without breathing.


Message History

The puff of frost hits you! You resist.
* * * LOW HITPOINT WARNING * * *
The orc wizard completely misses you.
You barely miss the orc wizard.
The orc wizard is heavily wounded.
The orc wizard hits you.
* * * LOW HITPOINT WARNING * * *
The orc wizard hits you.
* * * LOW HITPOINT WARNING * * *
You closely miss the orc wizard.
The orc wizard is heavily wounded.
The orc wizard gestures at you while chanting.
The puff of frost hits you! You resist.
* * * LOW HITPOINT WARNING * * *
You barely miss the orc wizard.
The orc wizard is severely wounded.
The orc wizard barely misses you.
The orc wizard gestures at you while chanting.
The magic dart hits you!
You die...

#.PP♣♣♣♣♣♣♣.
############...P.♣P♣PP.
#[.........##...P♣....#
#..........###..♣♣P..##
#..........# #..PPP%###
####.......>..# #.........
#.............# ##.####### #
#.##..........# #.# #
#.#######@##### #.# #
###.#######o# #.# #
#.........#.###### #.# #
#.......>........# #.# #
#.........#.####.# #^# #
#....<....#.# #.# #.#
######.........#.####.###.#######
....!..(.................[.......
########)#######.####.###.#######


You could see an orc wizard.

Vanquished Creatures
  Ijyb (D:3)
  2 adders (D:3)
  2 giant mites
  2 worms (D:3)
  4 orcs (D:3)
  8 bats
  3 giant cockroaches
  5 goblins
  5 hobgoblins
  A ball python (D:1)
  3 giant newts
  9 kobolds
  10 rats
55 creatures vanquished.

Vanquished Creatures (others)
  A goblin (D:3)
1 creature vanquished.

Grand Total: 56 creatures vanquished

Notes
Turn   | Place    | Note
--------------------------------------------------------------
     0 | D:1      | Kellhus, the Mummy Chaos Knight, began the quest for the Orb.
     0 | D:1      | Reached XP level 1. HP: 16/16 MP: 1/1
   124 | D:1      | XOM: silly message
   237 | D:1      | Reached XP level 2. HP: 22/22 MP: 2/2
   306 | D:1      | XOM: harmless Necr miscast
   429 | D:1      | XOM: silly message
   589 | D:1      | XOM: divination: detect items
   971 | D:2      | Reached XP level 3. HP: 28/28 MP: 3/3
  1158 | D:2      | Found a glowing silver altar of Zin.
  1294 | D:2      | Found a blossoming altar of Fedhas.
  1299 | D:2      | Found a white marble altar of Elyvilon.
  1584 | D:3      | XOM: silly message
  1647 | D:3      | Reached skill level 4 in Maces & Flails
  1740 | D:3      | Reached XP level 4. HP: 32/34 MP: 4/4
  2245 | D:3      | Noticed Ijyb
  2271 | D:3      | Killed Ijyb
  2401 | D:4      | XOM: swap monsters
  2425 | D:3      | XOM: swap monsters
  2429 | D:3      | HP: 1/34 [orc wizard/puff of frost (3)]
  2430 | D:3      | Killed from afar by an orc wizard

Action                   |  1- 3 |  4- 6 || total
-------------------------+-------+-------++-------
Melee: Mace              |   123 |    50 ||   173
  Use: Scroll            |     6 |     1 ||     7
 Stab: Confused          |     1 |       ||     1
       Petrifying        |     1 |       ||     1
